 Dungeon Crawl Stone Soup version 0.29-a0-876-gfc89b1a5bd (webtiles) character file.

Game seed: 13073228517013114279

35 jimonade the Sneak (level 3, -1/21 HPs)
             Began as a Kobold Brigand on July 19, 2022.
             Slain by a jackal (2 damage)
             ... on level 1 of the Dungeon.
             The game lasted 00:03:00 (680 turns).

jimonade the Sneak (Kobold Brigand)                  Turns: 680, Time: 00:03:00

Health: -1/21      AC:  3    Str:  8    XL:     3   Next: 55%
Magic:  3/3        EV: 14    Int: 12    God:
Gold:   69         SH:  0    Dex: 18    Spells: 2/2 levels left

rFire   . . .      SeeInvis .   a - +2 dagger
rCold   . . .      Faith    .   (no shield)
rNeg    . . .      Spirit   .   n - +0 robe
rPois   .          Reflect  .   (no helmet)
rElec   .          Harm     .   c - +0 cloak
rCorr   .          Rampage  .   (no gloves)
Will    .....                   (no boots)
Stlth   +++++.....              (no amulet)
HPRegen 0.07/turn               (no ring)
MPRegen 0.08/turn               (no ring)

@: no status effects
A: small, no large weapons, nightstalker 3
a: no special abilities


You were on level 1 of the Dungeon.
You visited 1 branch of the dungeon, and saw 2 of its levels.

You collected 69 gold pieces.

Inventory:

Hand Weapons
 a - a +2 dagger (weapon)
 b - a +0 sling
Missiles
 d - 9 poisoned darts (quivered)
 e - 3 curare-tipped darts
 f - 28 stones
Armour
 c - a +0 cloak (worn)
 i - a +0 leather armour
 n - a +0 robe (worn)
Scrolls
 h - a scroll of enchant armour {unknown}
 k - a scroll of vulnerability {unknown}
 o - a scroll of teleportation {unknown}
Potions
 g - a potion of curing {unknown}
 j - a potion of attraction {unknown}
 l - a potion of haste {unknown}
 m - a potion of berserk rage {unknown}


   Skills:
 + Level 2.2 Fighting
 + Level 2.9 Short Blades
 - Level 2.1 Throwing
 + Level 1.2 Dodging
 * Level 6.9 Stealth


You had 2 spell levels left.
You didn't know any spells.
Your spell library contained the following spells:

 Spells                   Type           Power      Damage    Failure   Level
 Sublimation of Blood     Necr           0%         N/A       45%         2
 Wereblood                Tmut           0%         N/A       45%         2
 Summon Hydra             Summ           0%         N/A       100%        7


Dungeon Overview and Level Annotations

Branches:
Dungeon (2/15)

Altars:

Annotations:
D:1 exclusion: gnoll


Innate Abilities, Weirdness & Mutations

You are small and have problems with some larger weapons.
You are completely attuned to the shadows.


Message History

The jackal barely misses you. The hobgoblin barely misses you.
The jackal misses you. x2
You hit the hobgoblin but do no damage.
The hobgoblin is severely wounded.
The hobgoblin hits you but does no damage.
The jackal barely misses you. The jackal completely misses you.
You closely miss the hobgoblin.
The hobgoblin is severely wounded.
The hobgoblin closely misses you. The jackal bites you.
The jackal bites you but does no damage.
You hit the hobgoblin.
You kill the hobgoblin!
The jackal bites you. The jackal closely misses you.
You closely miss the jackal.
The jackal bites you but does no damage. x2
You hit the jackal.
The jackal is lightly wounded.
The jackal bites you. x2
* * * LOW HITPOINT WARNING * * *
The jackal completely misses you.
You hit the jackal.
The jackal is moderately wounded.
The jackal bites you.
* * * LOW HITPOINT WARNING * * *
The jackal bites you.
* * * LOW HITPOINT WARNING * * *
The jackal closely misses you.
You hit the jackal.
The jackal is almost dead.
The jackal closely misses you. The jackal bites you.
* * * LOW HITPOINT WARNING * * *
You hit the jackal.
You kill the jackal!
The jackal completely misses you.
You completely miss the jackal. The jackal bites you.
* * * LOW HITPOINT WARNING * * *
You hit the jackal.
The jackal is heavily wounded.
The jackal misses you. The jackal bites you.
You die...

#.....#..#.≈≈≈≈.≈
#.....#....P≈≈...
#.....#.#........
#..####.#......<.
##.##...#........
#.....##..P≈≈...
####..##..≈≈≈≈.≈
#########).##..≈≈≈≈.≈
#..$@..........≈≈≈≈.≈
#...†h.........≈≈≈≈.≈
#..............≈≈≈≈.≈
#..............≈≈≈≈.≈
####...........≈≈≈≈.≈
#...........≈≈≈≈.≈
#...........P≈≈P.P
#.................
#.................


You could see a jackal.

Vanquished Creatures
  3 endoplasms (D:1)
  A giant cockroach (D:1)
  4 goblins (D:1)
  4 hobgoblins
  5 jackals (D:1)
  3 kobolds (D:1)
  2 quokkas (D:1)
  4 ball pythons
  A bat (D:1)
  A frilled lizard (D:1)
  A rat (D:1)
29 creatures vanquished.

Notes
Turn   | Place    | Note
-------+----------+-------------------------------------------
     0 | D:1      | jimonade the Kobold Brigand began the quest for the Orb.
     0 | D:1      | Reached XP level 1. HP: 12/12 MP: 1/1
    66 | D:1      | Reached XP level 2. HP: 17/17 MP: 2/2
    82 | D:1      | Reached skill level 6 in Stealth
   169 | D:1      | Reached XP level 3. HP: 19/21 MP: 3/3
   281 | D:1      | Found a faded altar of an unknown god.
   677 | D:1      | HP: 1/21 [jackal (2)]
   680 | D:1      | Slain by a jackal

Illustrated notes

Levels and vault maps discovered:
D:1:      giann_bridges, layout_rooms, basic_ecumenical_altar
D:2:      layout_basic, basic_altar

Skill      XL: |  1  2 |
---------------+-------+-----
Stealth        | 6 |  6.9
Fighting       | |  2.2
Short Blades   | |  2.9
Throwing       | |  2.1
Dodging        | |  1.2

Action                   || total
-------------------------++-------
Melee: Dagger            ||    53
 Stab: Sleeping          ||    18
Armor: Robe              ||    11
Dodge: Dodged            ||    46

Table legend: (Time is in decaauts)
 A = Elapsed time spent in this place.
 B = Non-inter-level travel time spent in this place.
 C = Inter-level travel time spent in this place.
 D = Time resting spent in this place.
 E = Time spent auto-exploring this place.
 F = Levels seen in this place.
 G = Mean time per level.
                   A        B        C        D        E       F      G
               +--------+--------+--------+--------+--------+-----+--------+
         Total |    672 |    664 |      8 |      0 |    356 |   2 |  336.0 |
       Dungeon |    672 |    664 |      8 |      0 |    356 |   2 |  336.0 |
               +--------+--------+--------+--------+--------+-----+--------+

Top non-repeatable levels by time:
     D:1: 586 daAuts
     D:2: 85 daAuts
